 Dungeon Crawl Stone Soup version 0.31-a0-431-g88bdf31460 (webtiles) character file.

Game seed: 15107006089827991224

4543 randomguy2701 the Carver (level 10, -3/88 HPs)
             Began as a Minotaur Fighter on July 31, 2023.
             Was a Priest of Okawaru.
             Slain by a wizard
             ... wielding a +0 dagger
              (4 damage)
             ... on level 9 of the Dungeon.
             The game lasted 00:10:49 (8460 turns).

randomguy2701 the Carver (Minotaur Fighter)         Turns: 8460, Time: 00:10:53

Health: -3/88      AC: 16    Str: 21    XL:     10   Next: 17%
Magic:  10/11      EV:  7    Int:  5    God:    Okawaru [***...]
Gold:   471        SH:  6    Dex: 14    Spells: 9/9 levels left

rFire   + . .        a - +0 long sword
rCold   . . .        c - +0 buckler
rNeg    . . .        s - +0 plate armour
rPois   .            (helmet restricted)
rElec   .            (no cloak)
rCorr   +            (no gloves)
SInv    .            t - +0 pair of boots
Will    .....        (no amulet) Stlth
                     r - ring of resist corrosion
HPRegen 0.34/turn    u - ring of protection from fire
MPRegen 0.12/turn

%: no passive effects
@: lethally poisoned (-3 -> -4)
A: horns 2, retaliatory headbutt
a: Renounce Religion, Heroism


You were on level 9 of the Dungeon.
You worshipped Okawaru.
Okawaru was most pleased with you.
You visited 2 branches of the dungeon, and saw 10 of its levels.

You collected 471 gold pieces.

Inventory:

Hand Weapons
 a - a +0 long sword (weapon)
Armour
 c - a +0 buckler (worn)
 s - a +0 plate armour (worn)
 t - a +0 pair of boots (worn)
Jewellery
 r - a ring of resist corrosion (left hand)
 u - a ring of protection from fire (right hand)
 z - a ring of protection from cold
Wands
 B - a wand of digging (2)
 C - a wand of mindburst (9)
 D - a wand of roots (10)
Scrolls
 b - 2 scrolls of fog {unknown}
 h - 5 scrolls of blinking {unknown}
 i - 3 scrolls of immolation {unknown}
 k - a scroll of fear {unknown}
 l - a scroll of revelation {unknown}
 m - 7 scrolls of identify {unknown}
 n - 3 scrolls of teleportation {unknown}
 x - a scroll of amnesia {unknown}
 y - a scroll of enchant armour {unknown}
 E - a scroll of poison {unknown}
 F - a scroll of silence {unknown}
Potions
 d - a potion of might
 e - 3 potions of berserk rage {unknown}
 f - 4 potions of curing {unknown}
 g - 2 potions of brilliance {unknown}
 j - a potion of invisibility {unknown}
 o - 3 potions of haste {unknown}
 p - 3 potions of mutation {unknown}
 q - a potion of enlightenment {unknown}
 v - 2 potions of lignification {unknown}
 w - 2 potions of degeneration {unknown}
 A - a potion of ambrosia {unknown}


   Skills:
 + Level 7.7 Fighting
 + Level 10.8 Long Blades
 + Level 10.3 Armour
 + Level 2.4 Dodging
 - Level 1.2 Stealth
 + Level 7.1 Shields
 * Level 2.9 Invocations


You had 9 spell levels left.
You didn't know any spells.
Your spell library contained the following spells:

 Spells                   Type           Power      Damage    Failure   Level
 Magic Dart               Conj           0%         1d3       100%        1
 Mephitic Cloud           Conj/Pois/Air  0%         N/A       100%        3
 Call Imp                 Summ           Unusable   N/A       N/A         2

Dungeon Overview and Level Annotations

Branches:
Dungeon (9/15)             Temple (1/1) D:5
   Lair: D:8-11         Orc: D:9-12

Altars:
Ashenzari
Cheibriados
Dithmenos
Elyvilon
Fedhas
Gozag
Hepliaklqana
Kikubaaqudgha
Makhleb
Nemelex Xobeh
Okawaru
Qazlal
Ru
Sif Muna
Trog
Uskayaw
Vehumet
Wu Jian
Xom
Yredelemnul
Zin
The Shining One

Shops:
D:2 (::*:   D:4 (   D:7 *


Innate Abilities, Weirdness & Mutations

You have a pair of horns on your head.
You reflexively headbutt those who attack you in melee.


Message History

You hit the skeletal warrior.
You headbutt the skeletal warrior, but do no damage.
The skeletal warrior is lightly damaged.
You feel very sick.
The skeletal warrior closely misses you.
The skeletal warrior hits you with a +0 trident!
You hit the skeletal warrior.
You headbutt the skeletal warrior, but do no damage.
The skeletal warrior is lightly damaged.
You feel like a meek peon again.
You feel sick.
The skeletal warrior completely misses you.
You hit the skeletal warrior but do no damage.
The skeletal warrior is lightly damaged.
You feel yourself speed up.
You feel sick.
The wizard casts a spell.
The wizard flickers and vanishes!
Deactivating autopickup; reactivate with Ctrl-A.
You block the skeletal warrior's attack.
You closely miss the skeletal warrior.
Your headbutt misses the skeletal warrior.
The skeletal warrior is lightly damaged.
You feel sick.
The skeletal warrior hits you with a +0 trident!
* * * LOW HITPOINT WARNING * * *
You hit the skeletal warrior but do no damage.
Your headbutt misses the skeletal warrior.
The skeletal warrior is lightly damaged.
You feel sick.
The skeletal warrior hits you with a +0 trident!
* * * LOW HITPOINT WARNING * * *
You closely miss the skeletal warrior.
Your headbutt misses the skeletal warrior.
The skeletal warrior is lightly damaged.
You feel sick.
The skeletal warrior hits you with a +0 trident.
* * * LOW HITPOINT WARNING * * *
Something hits you.
You die...

.. .. #.. .. .. #.. .########
#.. ..#......#
#..##########..#......#
#..............#....... #
#..............#......y
#.#####..............####....
#...........@z..........#.y..
+...........####........#..<.
##...........#..#........#....
#............#..#..y.....+....
#............#..####.....#....
#............#.....#.....###..
#.....######.#.....# .... #..
#..... #.#.....# .... +..
#..... #.'.....### +..


You could see a skeletal warrior.

Vanquished Creatures
  An ugly thing (D:9)
  2 hornets (D:9)
  A meliai (D:9)
  Grinder (D:5)
  A shadow (D:9)
  A wyvern (D:8)
  Eustachio (D:6)
  Edmund (D:5)
  An acid dragon (D:8)
  A water moccasin (D:6)
  A sky beast (D:6)
  2 black bears (D:7)
  An ogre (D:5)
  2 centaurs
  Blork the orc (D:4)
  5 bullfrogs
  4 scorpions
  A gnoll sergeant (D:8)
  5 wights (D:8)
  7 killer bees
  2 orc priests
  5 hounds
  A gnoll bouda (D:7)
  An iguana (D:7)
  A sleepcap (D:6)
  An orc wizard (D:3)
  Natasha (thrice) (D:3)
  19 gnolls
  4 adders
  A white imp (D:6)
  2 ufetubi
  3 worms
  3 dart slugs
  17 orcs
  4 ball pythons
  8 bats
  10 endoplasms
  8 giant cockroaches
  7 hobgoblins
  8 jackals
  9 quokkas
  8 frilled lizards
  9 goblins
  8 kobolds
  4 rats
186 creatures vanquished.

Notes
Turn   | Place    | Note
-------+----------+-------------------------------------------
     0 | D:1      | randomguy2701 the Minotaur Fighter began the quest for the
                  | Orb.
     0 | D:1      | Reached XP level 1. HP: 19/19 MP: 0/0
   167 | D:1      | Reached XP level 2. HP: 19/27 MP: 1/1
   388 | D:1      | Reached XP level 3. HP: 28/33 MP: 2/2
   483 | D:1      | Found a faded altar of an unknown god.
   815 | D:2      | Found Vekuer's Weapon Shop.
   877 | D:2      | Found Beklusch's Book Shop.
   922 | D:2      | Reached XP level 4. HP: 35/40 MP: 3/3
   975 | D:2      | Found Zengos's Book Shoppe.
  1085 | D:2      | Found Adghah's General Store.
  1144 | D:2      | Found Innuz's Book Emporium.
  1155 | D:2      | Identified the +1 chain mail "Utwavu" {rC- Int+9}
  1204 | D:2      | Reached skill level 1 in Dodging
  1520 | D:3      | Noticed Natasha
  1524 | D:3      | Killed Natasha
  1693 | D:3      | Reached XP level 5. HP: 10/47 MP: 4/4
  2014 | D:3      | Noticed Natasha
  2023 | D:3      | Killed Natasha
  2458 | D:3      | Noticed Natasha
  2470 | D:3      | Killed Natasha
  2471 | D:3      | Reached XP level 6. HP: 48/53 MP: 5/5
  2724 | D:4      | Found a blossoming altar of Fedhas.
  3024 | D:4      | Noticed Blork the orc
  3031 | D:4      | Reached skill level 5 in Armour
  3042 | D:4      | Killed Blork the orc
  3043 | D:4      | Reached skill level 5 in Long Blades
  3284 | D:4      | Found Dos Foga's Firing Range.
  3653 | D:5      | Entered Level 5 of the Dungeon
  3660 | D:5      | Reached skill level 5 in Fighting
  3751 | D:5      | Reached XP level 7. HP: 59/61 MP: 6/6
  3773 | D:5      | Noticed Edmund
  3788 | D:5      | Killed Edmund
  3808 | D:5      | Found a glowing drain.
  3882 | D:5      | Reached skill level 5 in Shields
  4221 | D:5      | Noticed Grinder
  4224 | D:5      | Paralysed by Grinder for 4 turns
  4250 | D:5      | Killed Grinder
  4251 | D:5      | Reached skill level 1 in Stealth
  4336 | D:5      | Found a hazy altar of Hepliaklqana.
  4678 | D:5      | Found a staircase to the Ecumenical Temple.
  4698 | Temple   | Entered the Ecumenical Temple
  4711 | Temple   | Became a worshipper of Warmaster Okawaru
  4873 | D:6      | Reached XP level 8. HP: 68/70 MP: 7/7
  5193 | D:6      | Noticed Eustachio
  5452 | D:6      | Killed Eustachio
  5578 | D:6      | Found the +4 robe of Augmentation {Str+4 Int+4 Dex+4}
  5757 | D:7      | Reached * piety under Okawaru
  5904 | D:7      | Reached XP level 9. HP: 69/78 MP: 8/8
  6243 | D:7      | Found a burning altar of Makhleb.
  6244 | D:7      | Found an opulent altar of Gozag.
  6245 | D:7      | Found an ancient bone altar of Kikubaaqudgha.
  6246 | D:7      | Found a radiant altar of Vehumet.
  6294 | D:7      | Found Odeck's Assorted Antiques.
  7036 | D:8      | Reached skill level 10 in Long Blades
  7180 | D:8      | Reached ** piety under Okawaru
  7231 | D:8      | Found a snail-covered altar of Cheibriados.
  7750 | D:9      | Noticed a troll
  7755 | D:9      | Reached skill level 1 in Invocations
  7774 | D:9      | Noticed a centaur warrior
  7775 | D:9      | Noticed a meliai
  8036 | D:9      | Noticed a death knight
  8036 | D:9      | Noticed a red ugly thing
  8036 | D:9      | Noticed a skeletal warrior
  8174 | D:9      | Killed a meliai
  8332 | D:9      | Reached skill level 10 in Armour
  8332 | D:9      | Reached XP level 10. HP: 60/86 MP: 10/10
  8370 | D:9      | Killed a red ugly thing
  8370 | D:9      | Reached *** piety under Okawaru
  8438 | D:9      | Noticed a skeletal warrior
  8454 | D:9      | Noticed a wizard
  8460 | D:9      | HP: 1/88 [skeletal warrior/+0 trident (4)]
  8460 | D:9      | Slain by a wizard

Illustrated notes

Levels and vault maps discovered:
D:1:      dpeg_arrival_stone_temple_mockup, layout_basic,
          shapermc_ecumenical_altar_venn
D:2:      layout_basic, serial_shops, nicolae_square_shop,
          nicolae_shop_bloodbath_and_beyond, nicolae_shop_advertising_works
          [nicolae_subvault_shop_adworks], nicolae_shop_window_shopping, shop
D:3:      layout_loops_ring, uniq_natasha
D:4:      layout_cave_pods, fedhas_altar_fruit_tree, nicolae_shop_firing_range,
          uniq_blork_the_orc
D:5:      layout_loops_ring, worldfamousw_hep_ancestral_shrine,
          minmay_temple_entry_gardened_gates, portal_sewer_entry_b,
          grunt_ministairs_8, uniq_grinder, uniq_edmund
D:6:      layout_basic, uniq_eustachio
D:7:      layout_basic, mainiacjoe_overflow_alcove_3, serial_shops,
          nicolae_shop_tiny_glass, amcnicky_mini_pool_small,
          kennysheep_generic_room_12
D:8:      layout_gridville, mainiacjoe_overflow_alcove_1
D:9:      layout_irregular_city, lair_entry_dummy, nrook_loot_triangle,
          minivault_28
Temple:   nicolae_temple_superstar

Skill      XL: |  1  2  3  4  5  6  7  8  9 |
---------------+----------------------------+-----
Fighting       | 4 5 6 7 |  7.7
Shields        | 4 5 6 7 |  7.1
Long Blades    | 3 4 5 7 9 10 | 10.8
Armour         | 4 5 6 8 10 | 10.3
Dodging        | 1 2 |  2.4
Stealth        | 1 |  1.2
Invocations    | 2 |  2.9

Action                     |  1- 3 |  4- 6 |  7- 9 | 10-12 || total
---------------------------+-------+-------+-------+-------++-------
  Melee: Long sword        |    97 |   188 |   348 |    27 ||   660
         Headbutt          |     8 |    29 |    75 |     8 ||   120
 Invoke: Heroism           |       |       |     1 |     2 ||     3
 Armour: Scale mail        |    54 |    67 |       |       ||   121
         Plate armour      |       |     5 |   289 |    12 ||   306
  Dodge: Dodged            |    49 |    93 |   161 |     6 ||   309
  Block: Buckler           |    27 |    41 |   100 |     5 ||   173

Table legend: (Time is in decaauts)
 A = Elapsed time spent in this place.
 B = Non-inter-level travel time spent in this place.
 C = Inter-level travel time spent in this place.
 D = Time resting spent in this place.
 E = Time spent auto-exploring this place.
 F = Levels seen in this place.
 G = Mean time per level.
                   A        B        C        D        E       F      G
               +--------+--------+--------+--------+--------+-----+--------+
         Total |   8539 |   8141 |    398 |    335 |   6376 |  10 |  853.9 |
       Dungeon |   8513 |   8140 |    373 |    335 |   6376 |   9 |  945.9 |
        Temple |     26 |      1 |     25 |      0 |      0 |   1 |   26.0 |
               +--------+--------+--------+--------+--------+-----+--------+

Top non-repeatable levels by time:
     D:8: 1472 daAuts
     D:3: 1234 daAuts
     D:5: 1103 daAuts
     D:4: 1044 daAuts
     D:7: 1023 daAuts
     D:6: 799 daAuts
     D:1: 768 daAuts
     D:2: 678 daAuts
     D:9: 389 daAuts
  Temple: 26 daAuts
